 Dungeon Sprint DCSS version 0.27-a0-1139-g28e009f8a6 (webtiles) character file.

Game seed: 12731679154244491497

6433 Zeld the Warrior (level 10, -11/133 HPs)
             Began as an Octopode Berserker on May 7, 2021.
             Was a High Priest of Trog.
             Mangled by Soxixat the pandemonium lord (39 damage)
             ... in the Dungeon (Sprint V: "Ziggurat Sprint").
             The game lasted 00:05:45 (2391 turns).

Zeld the Warrior (Octopode Berserker)               Turns: 2391, Time: 00:05:46

Health: -11/133    AC:  1    Str: 32    XL:     10   Next: 99%
Magic:  0/10       EV: 11    Int:  9    God:    Trog [*****.]
Gold:   0          SH: 24    Dex: 12    Spells: 9/9 levels left

rFire    + . .     SeeInvis .   A - +5 broad axe
rCold    . . .     Faith    .   g - +3 tower shield
rNeg     + + +     Spirit   .   (helmet restricted)
rPois    +         Reflect  .   (no amulet)
rElec    .         Harm     .   v - ring of protection from fire
rCorr    .         Rampage  .   u - ring "Guthyv" {rN+++ Str+6}
Will     +....     NoTele   +   F - ring of poison resistance
Stlth    ..........             (no ring)
HPRegen  0.32/turn              (no ring)
MPRegen  0.12/turn              y - +6 ring of strength
                                s - ring of flight
                                B - ring of willpower

@: berserking, flying, very quick
A: almost no armour, amphibious, 8 rings, camouflage 1, gelatinous body 1,
(nimble swimmer 1), tentacles
a: Renounce Religion, Berserk, Trog's Hand, Brothers in Arms


You were in the Dungeon.
You worshipped Trog.
Trog was extremely pleased with you.
You visited 1 branch

Inventory:

Hand Weapons
 A - a +5 broad axe (weapon)
Armour
 g - a +3 tower shield (worn)
Jewellery
 s - a ring of flight (on tentacle)
 u - the ring "Guthyv" (right tentacle) {rN+++ Str+6}
   (You found it in the Dungeon)

   [ring of strength]

   It affects your strength (+6).
   It renders you almost immune to negative energy.
 v - a ring of protection from fire (left tentacle)
 y - a +6 ring of strength (on tentacle)
 B - a ring of willpower (on tentacle)
 F - a ring of poison resistance (on tentacle)
Wands
 p - a wand of mindburst (7)
 q - a wand of iceblast (7)
 r - a wand of acid (7)
Scrolls
 f - 4 scrolls of blinking
 l - 7 scrolls of fog
 m - a scroll of holy word
 n - 5 scrolls of identify
 o - 2 scrolls of fear
Potions
 a - 10 potions of curing
 b - 14 potions of heal wounds
 c - 6 potions of haste
 d - 7 potions of magic
 e - 3 potions of berserk rage
 h - 2 potions of invisibility
 i - 4 potions of resistance
 k - 5 potions of might
Miscellaneous
 j - a box of beasts
 t - a box of beasts
 w - a lightning rod (4/4)
 x - a tin of tremorstones (2/2)
 z - a lightning rod (4/4)
 C - a box of beasts
 D - a phial of floods
 E - a piece from Xom's chessboard (15/15)


   Skills:
 * Level 16.6 Fighting
 * Level 12.3 Axes
 - Level 3.0 Dodging
 * Level 13.7 Shields
 - Level 3.0 Unarmed Combat


You had 9 spell levels left.
You didn't know any spells.
Your spell library was empty.

Dungeon Overview and Level Annotations

Branches:
Dungeon (1/1)

Altars:
Ashenzari
Cheibriados
Dithmenos
Elyvilon
Fedhas
Gozag
Hepliaklqana
Kikubaaqudgha
Makhleb
Nemelex Xobeh
Okawaru
Qazlal
Ru
Sif Muna
Trog
Uskayaw
Vehumet
Wu Jian
Xom
Yredelemnul
Zin
The Shining One
Beogh
Jiyva
Lugonu


Innate Abilities, Weirdness & Mutations

You cannot wear most types of armour.
You are amphibious.
You can wear up to eight rings at the same time.
Your skin changes colour to match your surroundings (Stealth+).
Your rubbery body absorbs attacks. (AC +1, EV +1)
((You are camouflaged near water. (Stealth+)))
You have tentacles for arms and can constrict up to eight enemies at once.


Message History

You slice Soxixat!! You squeeze Soxixat, but do no damage.
Soxixat is lightly wounded.
Your troll barely misses Soxixat.
Your troll claws Soxixat!
Your troll completely misses Soxixat.
You block Soxixat's attack.
You slice Soxixat!! Your squeeze misses Soxixat.
Soxixat is moderately wounded.
Soxixat hits you!!
You feel your power leaking away.
Your troll misses Soxixat.
Your troll closely misses Soxixat.
Your troll claws Soxixat!!
Soxixat sneers, "I will devour thy fortitude!"
You block Soxixat's attack.
Your troll closely misses Soxixat.
Your troll misses Soxixat.
Your troll claws Soxixat but does no damage.
You slash Soxixat! Your squeeze misses Soxixat.
Soxixat is moderately wounded.
Soxixat barely misses you.
Your troll bites Soxixat but does no damage.
Your troll claws Soxixat.
Your troll closely misses Soxixat.
You slash Soxixat!
Soxixat is moderately wounded.
You slash the ufetubus!
You kill the ufetubus!
Trog accepts your kill. Something appears before you!
You see here a +2 vorpal hand axe.
Trog grants you a weapon! Soxixat hits you!! The iron imp spits at you.
Your troll completely misses Soxixat.
Your troll barely misses Soxixat.
Your troll claws Soxixat!
Soxixat hits you!!!
* * * LOW HITPOINT WARNING * * *
You are too injured to fight recklessly!
Unknown command.
You are too injured to fight recklessly!
You are too injured to fight recklessly!
You slash Soxixat!
Soxixat is heavily wounded.
Your troll bites Soxixat but does no damage.
Your troll claws Soxixat!
Your troll misses Soxixat. Soxixat hits you!!!
You die...

▓..:|[|:..▓
▓...="")..▓
▓...55....▓
▓....54...▓
▓.....5...▓
▓....53...▓
▓.▓..&..▓.▓
▓....@T...▓
▓▓▓▓▓▓▓▓▓▓▓


You could see Soxixat (ally target), a hellwing, a ynoxinul, 3 iron imps, 2
white imps and a friendly troll (summoned, berserk).

Vanquished Creatures
  A deep elf knight (D)
  An ugly thing (D)
  A naga mage (D)
  A rime drake (shapeshifter) (D)
  A hornet (D)
  3 spriggans (D)
  A tarantella (D)
  A yak (D)
  2 nagas (D)
  An acid dragon (shapeshifter) (D)
  A water moccasin (shapeshifter) (D)
  2 black bears (D)
  A sky beast (shapeshifter) (D)
  A wolf (D)
  A scorpion (D)
  2 quasits (D)
  2 iguanas (D)
  An adder (D)
  A shadow imp (D)
  A white imp (D)
  3 ufetubi (D)
  2 ball pythons (D)
  A bat skeleton (D)
  A jackal (D)
  A quokka skeleton (D)
34 creatures vanquished.

Vanquished Creatures (collateral kills)
  A dancing weapon (D)
  A deep elf pyromancer (D)
  A deep elf zephyrmancer (D)
  A deep elf archer (D)
  An ugly thing (D)
  A salamander (shapeshifter) (D)
  A cane toad (shapeshifter) (D)
  A raiju (shapeshifter) (D)
  3 neqoxecs (D)
  An earth elemental (D)
12 creatures vanquished.

Vanquished Creatures (others)
  A deep elf knight (D)
1 creature vanquished.

Grand Total: 47 creatures vanquished

Notes
Turn   | Place    | Note
-------+----------+-------------------------------------------
     0 | D        | Zeld the Octopode Berserker began the quest for the Orb.
     0 | D        | Reached XP level 1. HP: 16/16 MP: 1/1
     2 | D        | Found a blossoming altar of Fedhas.
     3 | D        | Found the +6 Majin-Bo {vamp, MP+6 Int+6}
     3 | D        | Found the +9 heavy crossbow "Sniper" {vorpal, Acc+∞ SInv}
     3 | D        | Found the +10 dark maul {vorpal}
     3 | D        | Found the +15 Maxwell's patent armour {-Cast -Tele rElec
                  | Will+ rCorr}
     3 | D        | Found the +18 shield of the Gong {rElec rN+ Will+ EV-5}
     3 | D        | Found the +14 obsidian axe {vorpal, Drain Fly SInv}
     3 | D        | Found the +7 great mace "Firestarter" {inner flame, rF++}
     3 | D        | Found the +6 shillelagh "Devastator" {shatter}
     3 | D        | Found the +11 plutonium sword {Contam Stlth-}
     3 | D        | Found the +8 lance "Wyrmbane" {slay drac, rPois rF+ rC+
                  | AC+3}
     3 | D        | Found the +9 sword of Zonguldrok {reap}
     3 | D        | Found the +13 scythe of Curses {drain, Drain}
     3 | D        | Found the +5 sword of Power {vorpal}
     3 | D        | Found the +7 mace of Variability {chain chaos}
     3 | D        | Found the +7 Singing Sword {vorpal, sonic wave}
     3 | D        | Found the +8 storm bow {elec, penet}
     3 | D        | Banished a spatial maelstrom
     5 | D        | Banished a spatial maelstrom
     6 | D        | Found a shimmering blue altar of Sif Muna.
     6 | D        | Found a sacrificial altar of Ru.
     6 | D        | Found a bloodstained altar of Trog.
     6 | D        | Found a stormy altar of Qazlal.
     6 | D        | Found an iron altar of Okawaru.
     6 | D        | Found a sparkling altar of Nemelex Xobeh.
     8 | D        | Found a transporter.
     8 | D        | Found an ancient bone altar of Kikubaaqudgha.
     8 | D        | Found a viscous altar of Jiyva.
     8 | D        | Found a corrupted altar of Lugonu.
     8 | D        | Found a hazy altar of Hepliaklqana.
     8 | D        | Found a burning altar of Makhleb.
     8 | D        | Found an opulent altar of Gozag.
   140 | D        | Entered arena 2.
   140 | D        | Noticed a tarantella
   140 | D        | Noticed a scorpion
   140 | D        | Found a transporter.
   142 | D        | Killed a tarantella
   143 | D        | Reached skill level 9 in Fighting
   143 | D        | Reached skill level 1 in Axes
   143 | D        | Reached skill level 5 in Shields
   143 | D        | Reached XP level 2. HP: 30/30 MP: 2/2
   143 | D        | Reached XP level 3. HP: 35/35 MP: 3/3
   143 | D        | Reached XP level 4. HP: 41/41 MP: 4/4
   143 | D        | Reached XP level 5. HP: 46/46 MP: 5/5
   144 | D        | Reached skill level 10 in Fighting
   499 | D        | Entered arena 3.
   499 | D        | Found a transporter.
   502 | D        | Reached ** piety under Trog
   507 | D        | Reached XP level 6. HP: 54/54 MP: 6/6
   559 | D        | Entered arena 4.
   559 | D        | Noticed a rime drake
   559 | D        | Noticed a sky beast
   559 | D        | Noticed an acid dragon
   559 | D        | Noticed a swamp drake
   559 | D        | a swamp drake changed into a tengu
   559 | D        | Found a transporter.
   563 | D        | Killed a rime drake
   563 | D        | Noticed a water moccasin
   563 | D        | a boggart changed into a water moccasin
   564 | D        | Reached skill level 12 in Fighting
   564 | D        | Reached XP level 7. HP: 39/63 MP: 7/7
   565 | D        | Reached *** piety under Trog
   569 | D        | Reached skill level 13 in Fighting
   571 | D        | Reached skill level 5 in Axes
   571 | D        | Reached XP level 8. HP: 6/72 MP: 8/8
   673 | D        | Entered arena 5.
   673 | D        | Noticed a yak
   673 | D        | Found a transporter.
   679 | D        | Reached **** piety under Trog
   680 | D        | Killed a yak
   681 | D        | Reached skill level 14 in Fighting
   681 | D        | Reached skill level 10 in Shields
   681 | D        | Reached XP level 9. HP: 52/78 MP: 9/9
  1112 | D        | Entered arena 6.
  1112 | D        | Found a transporter.
  1116 | D        | Reached ***** piety under Trog
  1266 | D        | Got the ring "Dykkiet" {Str-5 Int+6 Slay+4}
  1375 | D        | Entered arena 7.
  1375 | D        | Noticed a spriggan rider
  1376 | D        | Identified the +7 short sword of Disintegration {drain,
                  | Int+3}
  1377 | D        | Found a transporter.
  1380 | D        | Received a gift from Trog
  1385 | D        | Killed a hornet
  1513 | D        | Entered arena 8.
  1513 | D        | Noticed a naga mage
  1514 | D        | Found a transporter.
  1519 | D        | Reached ****** piety under Trog
  1524 | D        | Killed a naga mage
  1524 | D        | Received a gift from Trog
  1525 | D        | Reached skill level 15 in Fighting
  1526 | D        | Reached skill level 10 in Axes
  1526 | D        | Reached XP level 10. HP: 86/86 MP: 10/10
  1562 | D        | Got the ring "Guthyv" {rN+++ Str+6}
  1787 | D        | Entered arena 9.
  1787 | D        | Noticed a deep elf pyromancer
  1787 | D        | Noticed a +2 hand axe of electrocution
  1787 | D        | Noticed a deep elf knight
  1787 | D        | Noticed a deep elf zephyrmancer
  1787 | D        | Noticed a deep elf knight
  1787 | D        | Noticed a deep elf archer
  1788 | D        | Identified the +8 long sword of Valiance {holy, Str+5}
  1788 | D        | Found a transporter.
  1791 | D        | Killed a +2 hand axe of electrocution
  1792 | D        | Killed a deep elf knight
  1792 | D        | Killed a deep elf pyromancer
  1794 | D        | Killed a deep elf zephyrmancer
  1796 | D        | Killed a deep elf archer
  1796 | D        | Received a gift from Trog
  1797 | D        | Reached skill level 16 in Fighting
  1800 | D        | Killed a deep elf knight
  1963 | D        | Entered arena 10.
  1963 | D        | Noticed a salamander
  1963 | D        | Noticed a brown ugly thing
  1963 | D        | Noticed a green ugly thing
  1963 | D        | Noticed a cane toad
  1968 | D        | Killed a brown ugly thing
  1969 | D        | Killed a green ugly thing
  1970 | D        | Killed a salamander
  1973 | D        | Killed a cane toad
  1974 | D        | Found a transporter.
  2384 | D        | Entered arena 11.
  2384 | D        | Noticed Soxixat the pandemonium lord
  2390 | D        | Received a gift from Trog
  2391 | D        | Mangled by Soxixat the pandemonium lord

Illustrated notes

Levels and vault maps discovered:
D:        sprint_v [room_start, room_1, room_2, room_3, room_4, room_5, room_6,
          room_7, room_8, room_9, room_10, room_11, room_12, room_13, room_14,
          room_15, room_16, room_17, room_18, room_19, room_20, room_21,
          room_22, room_23, room_24, room_25, room_26, room_27]

Skill      XL: |  1  2  3  4  5  6  7  8  9 10 |
---------------+-------------------------------+-----
Fighting       | 9 10 12 13 14 15 16 | 16.6
Axes           | 1 2 3 6 7 10 12 | 12.3
Shields        | 5 6 7 9 10 11 13 | 13.7
Dodging        | |  3.0
Unarmed Combat | |  3.0

Action                   |  1- 3 |  4- 6 |  7- 9 | 10-12 || total
-------------------------+-------+-------+-------+-------++-------
Melee: Broad axe         |     1 |     8 |    32 |    15 ||    56
       Tentacles         |     1 |     3 |     8 |     3 ||    15
       Constrict         |     1 |     1 |     5 |     3 ||    10
       Punch             |       |       |     1 |       ||     1
Invok: Berserk           |     1 |     2 |     4 |     3 ||    10
       Brothers in Arms  |       |       |       |     6 ||     6
  Use: Potion            |       |       |     1 |       ||     1
Armor: Skin              |       |     1 |       |       ||     1
Dodge: Dodged            |       |     4 |    12 |     6 ||    22
Block: Tower shield      |     1 |    15 |    35 |    17 ||    68

Table legend: (Time is in decaauts)
 A = Elapsed time spent in this place.
 B = Non-inter-level travel time spent in this place.
 C = Inter-level travel time spent in this place.
 D = Time resting spent in this place.
 E = Time spent auto-exploring this place.
 F = Levels seen in this place.
 G = Mean time per level.
                   A        B        C        D        E       F      G
               +--------+--------+--------+--------+--------+-----+--------+
         Total |   2485 |   2485 |      0 |   2163 |      0 |   1 | 2485.0 |
       Dungeon |   2485 |   2485 |      0 |   2163 |      0 |   1 | 2485.0 |
               +--------+--------+--------+--------+--------+-----+--------+

Top non-repeatable levels by time:
       D: 2485 daAuts
